 Dungeon Crawl Stone Soup version 0.19.5 (webtiles) character file.

3518 Mirrec1 the Severer (level 9, -2/70 HPs)
             Began as a Minotaur Berserker on May 26, 2017.
             Was an Elder of Trog.
             Killed from afar by an efreet (9 damage)
             ... with a bolt of fire
             ... on level 8 of the Dungeon.
             The game lasted 00:11:19 (6446 turns).

Mirrec1 the Severer (Minotaur Berserker)            Turns: 6446, Time: 00:11:19

Health: -2/70      AC: 14    Str: 24    XL:     9   Next: 81%
Magic:  8/8        EV:  7    Int:  4    God:    Trog [****..]
Gold:   360        SH:  0    Dex: 11    Spells: 0 memorised, 8 levels left

rFire  . . .     SeeInvis .     s - +0 war axe
rCold  . . .     Gourm    .     d - +0 plate armour
rNeg   . . .     Faith    .     (no shield)
rPois  .         Spirit   .     (helmet restricted)
rElec  .         Reflect  .     (no cloak)
rCorr  .         Harm     .     G - +2 pair of gloves
MR     ++...                    (no boots)
Stlth  ..........               (no amulet)
                                (no ring)
                                (no ring)

@: exhausted, regenerating
A: retaliatory headbutt, horns 2
a: Berserk, Trog's Hand, Brothers in Arms, Burn Spellbooks, Renounce Religion


You were on level 8 of the Dungeon.
You worshipped Trog.
Trog was greatly pleased with you.
You were not hungry.

You visited 1 branch of the dungeon, and saw 8 of its levels.

You collected 360 gold pieces.

Inventory:

Hand Weapons
 a - a +0 hand axe
 s - a +0 war axe (weapon)
Missiles
 q - 6 javelins (quivered)
Armour
 b - a +0 animal skin
 d - a +0 plate armour (worn)
 G - a +2 pair of gloves (worn)
Jewellery
 f - an uncursed ring of stealth {unknown}
 l - an uncursed ring of magical power {unknown}
 o - an uncursed ring of wizardry {unknown}
 w - a cursed amulet of inaccuracy {unknown}
 x - an uncursed ring of ice {unknown}
 B - a +2 ring of dexterity {unknown}
Wands
 j - a wand of iceblast (9/15)
 C - a wand of lightning (3/15)
 D - a wand of polymorph (11/24)
 K - a wand of flame (35/48)
Scrolls
 e - 6 scrolls of identify
 h - a scroll of fear {unknown}
 k - 4 scrolls of enchant weapon
 m - 3 scrolls of teleportation
 E - 2 scrolls of magic mapping {unknown}
 F - a scroll of fog {unknown}
 J - a scroll of remove curse {unknown}
Potions
 i - 2 potions of brilliance
 n - 6 potions of curing
 p - a potion of mutation {unknown}
 r - a potion of lignification {unknown}
 t - a potion of degeneration {unknown}
 u - 2 potions of might
 z - a potion of invisibility
 A - 2 potions of haste
 I - a potion of agility {unknown}
Books
 y - a book of Minor Magic

   Spells                             Type                      Level
   a - Magic Dart                     Conjuration                  1
   b - Blink                          Translocation                2
   c - Call Imp                       Summoning                    2
   d - Repel Missiles                 Charms/Air                   2
   e - Slow                           Hexes                        2
   f - Conjure Flame                  Conjuration/Fire             3
   g - Mephitic Cloud                 Conjuration/Poison/Air       3
   Trog disapproves of the use of such an item.
Comestibles
 c - 3 bread rations
 g - 2 royal jellies
 v - a beef jerky
 H - a slice of pizza
 L - 3 chunks of flesh


   Skills:
 - Level 3.6 Fighting
 + Level 16.0 Axes
 - Level 2.4 Armour
 - Level 2.1 Dodging


You had 8 spell levels left.
You didn't know any spells.

Dungeon Overview and Level Annotations

Branches:
Dungeon (8/15)             Temple (0/1) D:4            Lair (0/6) D:8

Altars:
Cheibriados
Hepliaklqana
Nemelex Xobeh
Okawaru
Trog
Vehumet
Yredelemnul
Zin

Shops:
D:7 =


Innate Abilities, Weirdness & Mutations

You reflexively headbutt those who attack you in melee.
You have a pair of horns on your head.


Message History

Trog accepts your kill.
The troll leather armour is intact enough to wear.
Your Axes skill increases to level 16!
The efreet gestures at you.
The fireball explodes!
The fireball engulfs you!
Ouch! That really hurt!
The fireball engulfs the efreet.
The efreet completely resists.
Things that are here:
a +0 troll leather armour; a troll corpse You hit the efreet but do no damage.
The efreet gestures at you.
The fireball explodes!
The fireball engulfs you!
* * * LOW HITPOINT WARNING * * *
The fireball engulfs the efreet.
The efreet completely resists.
You hear a croak.
Your plate armour prevents you from hitting the efreet.
Your headbutt misses the efreet. The efreet gestures at you.
The bolt of fire hits you!
You die...

#.# #.# #.# #.# ##### #.#
#..[# #.######## ####.##
##.........
#$##.##.##.##.##.########
#....?†R@.....##.#
#.##.##.##.##[##.#
####.## ##.# #..)# ##.#
##.####..# #'###..###
#........# #.######.#
#..# .#


You could see an efreet.

Vanquished Creatures
  The ghost of Kosschaser the Cleaver, a novice HOBe of Trog (D:7)
  An elephant (D:8)
  A troll (D:8)
  A hippogriff (D:7)
  A yak (D:8)
  Menkaure (D:4)
  An orc warrior (D:7)
  An ice beast (D:5)
  A necrophage (D:8)
  A black bear (D:7)
  2 ogres
  A phantom (D:5)
  A crocodile (D:8)
  A big kobold (D:7)
  2 bullfrogs
  4 scorpions
  A howler monkey (D:6)
  2 crimson imps
  A bullfrog zombie (D:7)
  A hound (D:5)
  A gnoll shaman (D:7)
  A bullfrog skeleton (D:7)
  Ijyb (D:2)
  An iguana (D:8)
  Natasha (thrice) (D:2)
  An orc wizard (D:5)
  5 worker ants
  2 hound zombies
  A mummy (D:5)
  2 worker ant zombies
  9 adders
  12 gnolls
  2 shadow imps
  2 adder skeletons
  2 worms
  A dart slug (D:2)
  10 orcs
  7 bats
  3 giant cockroaches
  6 goblins
  12 hobgoblins
  3 jackals
  9 kobolds
  2 quokkas (D:3)
  4 ball pythons
  A ball python skeleton (D:4)
  5 frilled lizards
  A jackal zombie (D:5)
  A leopard gecko skeleton (D:5)
  A leopard gecko zombie (D:8)
  A quokka skeleton (D:8)
  8 rats
146 creatures vanquished.

Vanquished Creatures (others)
  A soldier ant (D:8)
1 creature vanquished.

Grand Total: 147 creatures vanquished

Notes
Turn   | Place    | Note
-------+----------+-------------------------------------------
     0 | D:1      | Mirrec1 the Minotaur Berserker began the quest for the Orb.
     0 | D:1      | Reached XP level 1. HP: 19/19 MP: 0/0
   123 | D:1      | Reached skill level 4 in Axes
   135 | D:1      | Reached XP level 2. HP: 26/26 MP: 1/1
   810 | D:2      | Reached skill level 5 in Axes
   810 | D:2      | Reached XP level 3. HP: 31/31 MP: 2/2
   846 | D:2      | Noticed Natasha
   858 | D:2      | Killed Natasha
  1031 | D:2      | Noticed Natasha
  1036 | D:2      | Killed Natasha
  1036 | D:2      | Reached skill level 6 in Axes
  1036 | D:2      | Reached XP level 4. HP: 33/39 MP: 3/3
  1216 | D:2      | Reached ** piety under Trog
  1515 | D:2      | Noticed Natasha
  1522 | D:2      | Killed Natasha
  1634 | D:2      | Reached skill level 7 in Axes
  1634 | D:2      | Reached XP level 5. HP: 45/45 MP: 4/4
  1641 | D:2      | Found a glowing silver altar of Zin.
  1643 | D:2      | Noticed Ijyb
  1653 | D:2      | Killed Ijyb
  1673 | D:2      | Found a basalt altar of Yredelemnul.
  1688 | D:2      | Found a radiant altar of Vehumet.
  1703 | D:2      | Found an iron altar of Okawaru.
  1863 | D:2      | Found a bloodstained altar of Trog.
  2613 | D:4      | Found a staircase to the Ecumenical Temple.
  2770 | D:4      | Reached skill level 8 in Axes
  2779 | D:4      | Reached XP level 6. HP: 29/51 MP: 5/5
  3126 | D:4      | Found a hazy altar of Hepliaklqana.
  3471 | D:4      | Noticed Menkaure
  3476 | D:4      | Killed Menkaure
  3476 | D:4      | Reached skill level 9 in Axes
  3662 | D:5      | Entered Level 5 of the Dungeon
  3768 | D:5      | Reached XP level 7. HP: 54/57 MP: 6/6
  3808 | D:5      | Reached *** piety under Trog
  3808 | D:5      | Reached skill level 10 in Axes
  4135 | D:5      | Reached skill level 11 in Axes
  4212 | D:5      | Found a snail-covered altar of Cheibriados.
  4615 | D:6      | Reached XP level 8. HP: 64/64 MP: 7/7
  4730 | D:6      | Reached skill level 12 in Axes
  4847 | D:6      | Found a sparkling altar of Nemelex Xobeh.
  5162 | D:7      | Noticed a hippogriff
  5171 | D:7      | Killed a hippogriff
  5171 | D:7      | Reached skill level 13 in Axes
  5514 | D:7      | Noticed Kosschaser's ghost (novice HOBe)
  5532 | D:7      | Killed Kosschaser's ghost
  5532 | D:7      | Reached skill level 14 in Axes
  5532 | D:7      | Reached XP level 9. HP: 70/70 MP: 8/8
  5608 | D:7      | Found Omusseuw's Jewellery Shop.
  5671 | D:7      | Reached **** piety under Trog
  6201 | D:8      | Found a staircase to the Lair.
  6201 | D:8      | Noticed an elephant
  6212 | D:8      | Killed an elephant
  6212 | D:8      | Reached skill level 15 in Axes
  6434 | D:8      | Noticed a troll
  6435 | D:8      | Noticed an efreet
  6443 | D:8      | Killed a troll
  6443 | D:8      | Reached skill level 16 in Axes
  6446 | D:8      | Killed from afar by an efreet

Skill      XL: |  1  2  3  4  5  6  7  8  9 |
---------------+----------------------------+-----
Axes           | 4 5 6 7 8 9 11 14 16 | 16.0
Fighting       | |  3.6
Armour         | |  2.4
Dodging        | |  2.1

Action                   |  1- 3 |  4- 6 |  7- 9 || total
-------------------------+-------+-------+-------++-------
Melee: Hand axe          |    54 |    47 |       ||   101
       Headbutt          |     8 |    24 |    45 ||    77
       War axe           |       |    88 |   245 ||   333
Invok: Berserk           |     2 |     3 |     8 ||    13
       Trog's Hand       |       |       |     3 ||     3
  Use: Scroll            |       |       |     7 ||     7
  Eat: Chunk             |     2 |    11 |    12 ||    25
       Meat ration       |       |       |     1 ||     1
Armor: Plate armour      |    41 |    72 |   115 ||   228
Dodge: Dodged            |    18 |    47 |    75 ||   140
